 Dungeon Crawl Stone Soup version 0.29.1-12-g30fa7ad0bf (webtiles) character file.

Game seed: 5818010587619756934

18 hawla the Chiller (level 3, -1/39 HPs)
             Began as a Meteoran Ice Elementalist on Dec 28, 2022.
             Slain by a jackal (2 damage)
             ... on level 1 of the Dungeon.
             The game lasted 00:01:11 (206 turns).

hawla the Chiller (Meteoran Ice Elementalist)        Turns: 206, Time: 00:01:12

Health: -1/39      AC:  2    Str: 10    XL:     3   Next: 8%
Magic:  5/8        EV: 12    Int: 18    God:
Gold:   16         SH:  0    Dex: 14    Spells: 7/8 levels left

rFire   . . .      SeeInvis .   (no weapon)
rCold   . . .      Faith    .   (no shield)
rNeg    . . .      Spirit   .   a - +0 robe
rPois   .          Reflect  .   (no helmet)
rElec   .          Harm     .   (no cloak)
rCorr   .          Rampage  .   (no gloves)
Will    .....                   (no boots)
Stlth   ..........              (no amulet)
HPRegen 0.13/turn               (no ring)
MPRegen 0.11/turn               (no ring)

@: berserking, very slightly contaminated, glowing, very quick
A: sense surroundings 1, otherworldly, glowing, explore regen
a: no special abilities


You were on level 1 of the Dungeon.
You visited 1 branch of the dungeon, and saw 2 of its levels.

You collected 16 gold pieces.

Inventory:

Armour
 a - a +0 robe (worn)
Scrolls
 c - a scroll of identify {unknown}
 d - a scroll of noise {unknown}
Potions
 b - a potion of magic


   Skills:
 + Level 2.4 Dodging
 - Level 1.4 Stealth
 + Level 3.2 Spellcasting
 + Level 4.9 Ice Magic


You had 7 spell levels left.
You knew the following spells:

 Your Spells              Type           Power      Damage    Failure   Level
a - Freeze                Ice            80%        1d9       1%          1

Your spell library contained the following spells:

 Spells                   Type           Power      Damage    Failure   Level
 Frozen Ramparts          Ice            40%        1d7       6%          3
 Ozocubu's Armour         Ice            20%        N/A       6%          3
 Blink                    Tloc           4%         N/A       24%         2
 Lesser Beckoning         Tloc           2%         N/A       43%         3
 Hailstorm                Conj/Ice       11%        3d5       50%         4
 Manifold Assault         Tloc           2%         N/A       99%         5


Dungeon Overview and Level Annotations

Branches:
Dungeon (2/15) Zot: 993

Altars:

Annotations:
D:2 Robin


Innate Abilities, Weirdness & Mutations

You passively map a small area around you.
You are easily found by Zot.
You glow in the dark.
You regain HP and MP as you explore.


Message History

The giant cockroach attacks as you move away!
The giant cockroach closely misses you. The jackal attacks as you move away!
The jackal bites you but does no damage.
The kobold hits you with a +0 short sword.
Casting: Freeze (safe; 2% risk of failure)
Confirm with . or Enter, or press ? or * to list all spells.
Aiming: Freeze (safe; 2% risk of failure)
Press: ? - help, Shift-Dir - straight line, f - kobold
Aim: a kobold, wielding a +0 short sword You freeze the kobold.
You kill the kobold!
The jackal bites you. The giant cockroach bites you.
The jackal barely misses you.
The giant cockroach attacks as you move away!
The giant cockroach bites you. The jackal bites you. x2
The jackal attacks as you move away! The jackal bites you.
The giant cockroach attacks as you move away!
The giant cockroach bites you.
* * * LOW HITPOINT WARNING * * *
Casting: Freeze (safe; 1% risk of failure)
Confirm with . or Enter, or press ? or * to list all spells.
Aiming: Freeze (safe; 1% risk of failure)
Press: ? - help, Shift-Dir - straight line, f - jackal
Aim: a jackal You miscast Freeze.
You are very lightly contaminated with residual magic.
Nothing appears to happen.
The jackal misses you. The jackal bites you.
* * * LOW HITPOINT WARNING * * *
The giant cockroach bites you but does no damage.
The jackal bites you.
* * * LOW HITPOINT WARNING * * *
It was a potion of berserk rage.
A red film seems to cover your vision as you go berserk!
You feel yourself moving faster!
You feel mighty! The jackal bites you.
* * * LOW HITPOINT WARNING * * *
The giant cockroach bites you.
* * * LOW HITPOINT WARNING * * *
The jackal bites you.
You die...

* , * * #
#######.#####
##.....#.....##
##.............##
#............^..# *
#....B..........# *
#...@h..g.......####
#....h..............
#....)......)...#
##.........)>..#...
##.....#.....#.....
###########.......
#...... ......
#.....,


You could see 2 jackals, a giant cockroach and a goblin.

Vanquished Creatures
  2 goblins (D:1)
  4 hobgoblins
  A quokka (D:1)
  6 ball pythons (D:1)
  A bat (D:1)
  2 kobolds (D:1)
  A rat (D:1)
17 creatures vanquished.

Notes
Turn   | Place    | Note
-------+----------+-------------------------------------------
     0 | D:1      | hawla the Meteoran Ice Elementalist began the quest for the
                  | Orb.
     0 | D:1      | Reached XP level 1. HP: 14/14 MP: 5/5
    72 | D:1      | Reached XP level 2. HP: 18/20 MP: 3/6
   172 | D:2      | Noticed Robin
   190 | D:2      | HP: 1/20 [goblin/+0 club[Robin] (4)]
   195 | D:1      | Reached XP level 3. HP: 11/26 MP: 5/8
   206 | D:1      | HP: 1/39 [giant cockroach (1)]
   206 | D:1      | Slain by a jackal

Illustrated notes

Levels and vault maps discovered:
D:1:      lemuel_arrival_rhombus, layout_rooms, minmay_pentomino_q2
D:2:      layout_loops_ring, minmay_cupped, uniq_robin, uniq_sigmund,
          uniq_crazy_yiuf_cottage

Skill      XL: |  1  2 |
---------------+-------+-----
Spellcasting   | 3 |  3.2
Dodging        | |  2.4
Stealth        | |  1.4
Ice Magic      | |  4.9

Action                   || total
-------------------------++-------
Melee: Unarmed           ||     5
 Cast: Freeze            ||    20
  Use: Potion            ||     1
Armor: Robe              ||     7
Dodge: Dodged            ||    24
